 Dungeon Crawl Stone Soup version 0.29.1-2-gbd0b4ee654 (webtiles) character file.

Game seed: 17575297437923271782

10656 GorkyZ the Cleaver (level 11, -14/68 HPs)
             Began as a Gargoyle Fighter on Dec 1, 2022.
             Was an Initiate of Gozag.
             Demolished by a white ugly thing (23 damage)
             ... on level 12 of the Dungeon.
             The game lasted 00:39:04 (13775 turns).

GorkyZ the Cleaver (Gargoyle Fighter)              Turns: 13775, Time: 00:39:06

Health: -14/68     AC: 30    Str: 24    XL:     11   Next: 65%
Magic:  0/11       EV:  5    Int:  9    God:    Gozag
Gold:   191        SH:  6    Dex:  9    Spells: 10/10 levels left

rFire   . . .      SeeInvis +   a - +2 war axe (flame)
rCold   . . .      Faith    .   c - +1 buckler
rNeg    + . .      Spirit   +   L - +1 crystal plate armour
rPois   ∞          Reflect  .   (no helmet)
rElec   +          Harm     .   (no cloak)
rCorr   .          Rampage  .   u - +0 pair of gloves
Will    .....                   q - +0 pair of boots
Stlth   ..........              n - amulet of guardian spirit
HPRegen 0.21/turn               f - ring of see invisible
MPRegen 0.12/turn               (no ring)

@: no status effects
A: sickness immunity, AC +8, negative energy resistance 1, electricity
resistance, torment resistance 1, petrification resistance
a: Renounce Religion, Potion Petition, Call Merchant, Bribe Branch


You were on level 12 of the Dungeon.
You worshipped Gozag.
Gozag was aware of your devotion.
You visited 1 branch of the dungeon, and saw 12 of its levels.

You collected 2001 gold pieces.
You spent 1305 gold pieces at shops.
You paid 505 gold pieces to Gozag.

Inventory:

Hand Weapons
 a - a +2 war axe of flaming (weapon)
 h - a +1 dagger of venom
Missiles
 g - 8 boomerangs
 i - 5 curare-tipped darts
 j - 41 poisoned darts (quivered)
Armour
 b - a +0 scale mail
 c - a +1 buckler (worn)
 q - a +0 pair of boots (worn)
 u - a +0 pair of gloves (worn)
 L - a +1 crystal plate armour (worn)
Jewellery
 f - a ring of see invisible (left hand)
 k - a ring of ice
 n - an amulet of guardian spirit (around neck)
 t - an amulet of reflection
 K - a ring of protection from fire
Wands
 w - a wand of light (6)
 x - a wand of roots (18)
 B - a wand of paralysis (5)
 I - a wand of flame (10)
Scrolls
 e - 9 scrolls of amnesia
 m - a scroll of butterflies
 p - 4 scrolls of brand weapon
 y - 2 scrolls of poison
 A - a scroll of enchant armour
 D - 2 scrolls of identify
 F - 3 scrolls of teleportation
 J - a scroll of enchant weapon
 M - a scroll of magic mapping
Potions
 d - 2 potions of might
 l - 4 potions of magic
 o - 4 potions of attraction {unknown}
 r - 2 potions of mutation {unknown}
 s - 2 potions of resistance {unknown}
 v - a potion of brilliance {unknown}
 z - a potion of degeneration {unknown}
 C - 3 potions of lignification {unknown}
 E - 4 potions of heal wounds {unknown}
 G - a potion of cancellation {unknown}
 H - a potion of flight {unknown}
Miscellaneous
 N - a phial of floods


   Skills:
 + Level 7.8 Fighting
 * Level 8.4 Axes
 + Level 5.9 Throwing
 + Level 7.7 Armour
 + Level 5.2 Dodging
 + Level 7.7 Shields
 + Level 5.8 Evocations


You had 10 spell levels left.
You didn't know any spells.
Your spell library contained the following spells:

 Spells                   Type           Power      Damage    Failure   Level
 Blink                    Tloc           0%         N/A       100%        2
 Dazzling Flash           Conj/Hex       0%         N/A       100%        3
 Gell's Gravitas          Tloc           0%         N/A       100%        3
 Lesser Beckoning         Tloc           0%         N/A       100%        3
 Stone Arrow              Conj/Erth      0%         3d7       100%        3
 Teleport Other           Tloc           0%         N/A       100%        3
 Animate Armour           Summ/Erth      0%         N/A       100%        4
 Dispel Undead            Necr           0%         3d6       100%        4
 Iskenderun's Mystic Bla  Conj/Tloc      0%         2d3       100%        4
 Alistair's Intoxication  Tmut/Pois      0%         N/A       100%        5
 Borgnjor's Vile Clutch   Necr/Erth      0%         N/A       100%        5
 Manifold Assault         Tloc           0%         N/A       100%        5
 Death Channel            Necr           0%         N/A       100%        6
 Dispersal                Tloc           0%         N/A       100%        6
 Eringya's Noxious Bog    Tmut/Pois      0%         N/A       100%        6
 Starburst                Conj/Fire      0%         6d3       100%        6
 Lehudib's Crystal Spear  Conj/Erth      0%         10d2      100%        8
 Corpse Rot               Necr/Pois/Air  Unusable   N/A       N/A         4

Dungeon Overview and Level Annotations

Branches:
Dungeon (12/15)            Temple (0/1) D:7            Lair (0/5) D:11
    Orc (0/2) D:11

Altars:
Ashenzari
Elyvilon
Gozag
Hepliaklqana
Kikubaaqudgha
Nemelex Xobeh
Okawaru
Ru
Trog
Wu Jian
Yredelemnul
The Shining One

Shops:
D:10 [

Annotations:
D:3 2 runed translucent doors, GorkyZ's ghost, amateur GrFi
D:8 3 runed translucent doors, Henri's ghost, novice VSEn
D:9 3 runed translucent doors, kwasso's ghost, novice DsHu
D:10 3 runed translucent doors, ripuliukko's ghost, novice GrEE


Innate Abilities, Weirdness & Mutations

You are immune to sickness and miasma.
Your stone body is resilient. (AC +8)
You are immune to poison.
You resist negative energy. (rN+)
You are resistant to electric shocks. (rElec)
You are resistant to unholy torment.
You are immune to petrification.


Message History

The white ugly thing is severely wounded.
The white ugly thing trunk-slaps you. The white ugly thing freezes you!!
You closely miss the white ugly thing.
The white ugly thing is severely wounded.
The white ugly thing closely misses you.
You slash the white ugly thing! You burn the white ugly thing.
The white ugly thing is almost dead.
You block the white ugly thing's attack.
You closely miss the white ugly thing.
The white ugly thing is almost dead.
The white ugly thing barely misses you.
The white ugly thing trunk-slaps you but does no damage.
You barely miss the white ugly thing.
The white ugly thing is almost dead.
The white ugly thing trunk-slaps you but does no damage.
You hit the white ugly thing. You burn the white ugly thing.
The white ugly thing is almost dead.
The white ugly thing trunk-slaps you. The white ugly thing freezes you!!
* * * LOW HITPOINT WARNING * * *
You closely miss the white ugly thing.
The white ugly thing is almost dead.
The white ugly thing completely misses you.
You closely miss the white ugly thing.
The white ugly thing is almost dead.
The white ugly thing trunk-slaps you but does no damage.
You barely miss the white ugly thing.
The white ugly thing is almost dead.
The white ugly thing trunk-slaps you but does no damage.
Throw: 42 darts (poison)
Press: ? - help, Q - select action, (/) - cycle Shift-Dir - straight line, f - white ugly thing
Aim: a white ugly thing (almost dead, 60% to hit)
You throw a poisoned dart.
The poisoned dart hits the white ugly thing!
The white ugly thing is poisoned.
The white ugly thing is almost dead.
The white ugly thing trunk-slaps you.
* * * LOW HITPOINT WARNING * * *
The white ugly thing freezes you!!
You die...
Your body crumbles into a pile of gold.

#.# #.# #.# #.#
#####.#####
#.........#
#.###.###.#
#.###.###.####
#...#.@u......
###.#####.....
#...# ### #...#
#...# #.##..^#
#.##...#
#.##...#
########.##...#


You could see a white ugly thing (very poisoned).

Vanquished Creatures
  Erolcha (D:9)
  2 two-headed ogres (D:11)
  An ugly thing (D:11)
  A cyclops (D:11)
  A gargoyle (D:10)
  2 komodo dragons (D:10)
  An unseen horror (D:11)
  Prince Ribbit (D:7)
  A hornet (D:10)
  2 shadows
  A wraith (D:11)
  2 wyverns
  A yak (D:11)
  3 steam dragons
  6 vampire mosquitoes (D:10)
  5 water moccasins
  Duvessa (D:6)
  3 orc warriors
  2 sky beasts (D:7)
  5 black bears
  An ogre (D:7)
  2 centaurs
  4 phantoms
  6 kobold brigands
  4 bullfrogs
  A scorpion (D:5)
  A necrophage (D:7)
  3 wights (D:8)
  Dowan (D:6)
  9 killer bees
  6 howler monkeys
  An electric eel (D:7)
  A centaur zombie (D:9)
  4 orc priests
  3 hounds
  Jessica (D:3)
  Ijyb (D:4)
  2 iguanas (D:5)
  12 orc wizards
  A killer bee zombie (D:9)
  9 gnolls
  5 adders
  A shadow imp (D:6)
  A worm (D:4)
  A dart slug (D:2)
  40 orcs
  6 bats
  7 endoplasms
  6 giant cockroaches
  17 goblins
  17 hobgoblins
  2 jackals (D:2)
  3 quokkas
  2 ball pythons (D:2)
  4 frilled lizards
  25 kobolds
  7 rats
259 creatures vanquished.

Vanquished Creatures (others)
  20 fungi (D:11)
  24 plants (D:11)
44 creatures vanquished.

Grand Total: 303 creatures vanquished

Notes
Turn   | Place    | Note
-------+----------+-------------------------------------------
     0 | D:1      | GorkyZ the Gargoyle Fighter began the quest for the Orb.
     0 | D:1      | Reached XP level 1. HP: 14/14 MP: 1/1
   126 | D:1      | Reached XP level 2. HP: 19/19 MP: 2/2
   181 | D:1      | Found a faded altar of an unknown god.
   344 | D:1      | Reached skill level 2 in Axes
  1009 | D:2      | Reached XP level 3. HP: 21/23 MP: 3/3
  1480 | D:2      | Reached skill level 1 in Throwing
  1480 | D:2      | Reached XP level 4. HP: 27/28 MP: 4/4
  1972 | D:3      | Found an opulent altar of Gozag.
  1975 | D:3      | Became a worshipper of Gozag Ym Sagoz the Greedy
  1981 | D:3      | Reached skill level 1 in Evocations
  2005 | D:3      | Reached skill level 1 in Dodging
  2293 | D:3      | Noticed Jessica
  2306 | D:3      | Killed Jessica
  2307 | D:3      | Reached XP level 5. HP: 24/33 MP: 5/5
  2387 | D:3      | Found a large runed translucent door.
  2387 | D:3      | Found a large runed translucent door.
  2392 | D:3      | Noticed GorkyZ's ghost (amateur GrFi)
  3058 | D:4      | Reached XP level 6. HP: 18/38 MP: 3/6
  4021 | D:4      | Noticed Ijyb
  4026 | D:4      | Killed Ijyb
  4070 | D:4      | Found an iron altar of Okawaru.
  4198 | D:4      | Reached skill level 3 in Axes
  4216 | D:4      | Reached XP level 7. HP: 21/44 MP: 4/7
  5080 | D:5      | Entered Level 5 of the Dungeon
  5532 | D:5      | Found a sacrificial altar of Ru.
  5552 | D:5      | Reached XP level 8. HP: 37/48 MP: 5/8
  5562 | D:5      | Reached skill level 4 in Axes
  5800 | D:6      | Found a white marble altar of Elyvilon.
  6098 | D:6      | Reached skill level 5 in Armour
  6100 | D:6      | Reached skill level 5 in Shields
  6107 | D:6      | Reached skill level 5 in Fighting
  6358 | D:6      | Noticed Duvessa
  6360 | D:6      | Noticed Dowan
  6371 | D:6      | Killed Duvessa
  6378 | D:6      | Killed Dowan
  6690 | D:6      | Found an ancient bone altar of Kikubaaqudgha.
  6749 | D:7      | Reached XP level 9. HP: 54/54 MP: 9/9
  6774 | D:7      | Reached skill level 5 in Axes
  6930 | D:7      | Found a staircase to the Ecumenical Temple.
  8245 | D:7      | Reached skill level 6 in Axes
  8293 | D:7      | Noticed Prince Ribbit
  8319 | D:7      | Killed Prince Ribbit
  8320 | D:7      | Reached XP level 10. HP: 37/60 MP: 7/10
  8454 | D:8      | Found a runed translucent gate.
  8454 | D:8      | Found a runed translucent gate.
  8454 | D:8      | Found a runed translucent gate.
  8466 | D:8      | Noticed Henri's ghost (novice VSEn)
  8476 | D:8      | Noticed a red ugly thing
  8683 | D:8      | Found a glowing golden altar of the Shining One.
  8943 | D:8      | Found an ornate altar of the Wu Jian Council.
  9660 | D:9      | Found a runed translucent gate.
  9660 | D:9      | Found a runed translucent gate.
  9660 | D:9      | Found a runed translucent gate.
  9660 | D:9      | Noticed kwasso's ghost (novice DsHu)
  9662 | D:9      | Found a basalt altar of Yredelemnul.
  9902 | D:9      | Noticed Erolcha
  9917 | D:9      | Killed Erolcha
  9918 | D:9      | Reached skill level 7 in Axes
 10279 | D:9      | Reached skill level 5 in Throwing
 10500 | D:10     | Entered Level 10 of the Dungeon
 10500 | D:10     | Noticed a gargoyle
 10770 | D:10     | Reached skill level 5 in Evocations
 10824 | D:10     | Found a sparkling altar of Nemelex Xobeh.
 10824 | D:10     | Found a bloodstained altar of Trog.
 10831 | D:10     | Found a broken altar of Ashenzari.
 10831 | D:10     | Found a hazy altar of Hepliaklqana.
 10922 | D:10     | Found a runed translucent gate.
 10922 | D:10     | Found a runed translucent gate.
 10922 | D:10     | Found a runed translucent gate.
 11056 | D:10     | Noticed ripuliukko's ghost (novice GrEE)
 11296 | D:10     | Reached XP level 11. HP: 34/67 MP: 3/11
 11814 | D:11     | Noticed a cyan ugly thing
 11826 | D:11     | Killed a cyan ugly thing
 11939 | D:11     | Noticed a cyclops
 11950 | D:11     | Found a staircase to the Lair.
 11957 | D:11     | Killed a cyclops
 11980 | D:11     | Reached skill level 8 in Axes
 11980 | D:11     | Reached skill level 5 in Dodging
 11982 | D:11     | Noticed a two-headed ogre
 12502 | D:11     | Killed a two-headed ogre
 12991 | D:11     | Noticed a two-headed ogre
 13001 | D:11     | Killed a two-headed ogre
 13510 | D:11     | Found a staircase to the Orcish Mines.
 13609 | D:10     | Bought a +1 crystal plate armour for 1305 gold pieces
 13757 | D:12     | Noticed a white ugly thing
 13775 | D:12     | Demolished by a white ugly thing

Illustrated notes

Levels and vault maps discovered:
D:1:      dpeg_arrival_shrine, layout_basic,
          shapermc_ecumenical_altar_starsandcircs, hex_medium, hex_tiny
D:2:      layout_rooms, minmay_ruptured
D:3:      layout_rooms, mainiacjoe_overflow_small_starburst,
          ebering_ghost_disaster_area, uniq_jessica
D:4:      corexii_shantytown, layout_loops_corners, kennysheep_little_box,
          uniq_ijyb
D:5:      layout_gridville, mainiacjoe_overflow_alcove_4, nzn_random_ring
D:6:      layout_rooms, lemuel_coloured_pillars_altar, elyvilon_altar_5,
          uniq_duvessa
D:7:      layout_basic, minmay_temple_entry_glassed_door, serial_glass,
          glass_columns_a, glass_columns_b, item_on_display_a,
          due_unseen_surprise, lightli_minifort, uniq_prince_ribbit1
D:8:      layout_gridville, tso_metal_star, mainiacjoe_overflow_boulevard,
          gammafunk_ghost_split
D:9:      layout_irregular_city, nicolae_yredelemnul_ghost_church, uniq_erolcha
D:10:     layout_small_grid, chequers_temple_overflow_statue_of_worship,
          gammafunk_ghost_icy
D:11:     layout_basic, due_lair_maze_entry_diamond, orc_0_dummy
D:12:     layout_basic, serial_bayou_crossing, uniq_rupert

Skill      XL: |  1  2  3  4  5  6  7  8  9 10 11 |
---------------+----------------------------------+-----
Axes           | 2 3 4 6 7 8 |  8.4
Throwing       | 1 2 3 4 5 |  5.9
Evocations     | 1 2 3 4 5 |  5.8
Dodging        | 1 2 3 4 5 |  5.2
Armour         | 4 5 6 7 |  7.7
Fighting       | 4 5 6 7 |  7.8
Shields        | 4 5 6 7 |  7.7

Action                   |  1- 3 |  4- 6 |  7- 9 | 10-12 || total
-------------------------+-------+-------+-------+-------++-------
Melee: War axe           |    19 |    52 |   301 |   327 ||   699
       Dagger            |    90 |   219 |       |       ||   309
Throw: Dart              |       |     2 |     4 |     7 ||    13
       Boomerang         |       |       |     9 |       ||     9
       Throwing net      |       |       |       |     2 ||     2
Invok: Call Merchant     |       |       |       |     1 ||     1
Evoke: Wand              |       |       |       |    14 ||    14
  Use: Scroll            |     2 |     5 |    11 |     1 ||    19
       Potion            |       |     1 |     3 |     1 ||     5
 Stab: Distracted        |       |     1 |     1 |     1 ||     3
       Held in net/web   |       |       |       |     1 ||     1
Armor: Scale mail        |    59 |   136 |   181 |   169 ||   545
       Crystal plate arm |       |       |       |     8 ||     8
Dodge: Dodged            |    64 |   149 |   170 |   170 ||   553
Block: Buckler           |    27 |    77 |    99 |   112 ||   315
